 Dungeon Crawl Stone Soup version 0.28.0-45-g0d030f2227 (webtiles) character file.

Game seed: 10547730858822047571

28 DearestLeader the Chopper (level 3, 0/35 HPs)
             Began as a Gnoll Chaos Knight on Apr 18, 2022.
             Was a Plaything of Xom.
             Slain by a salamander (shapeshifter) (10 damage)
             ... on level 1 of the Dungeon.
             The game lasted 00:00:58 (737 turns).

DearestLeader the Chopper (Gnoll Chaos Knight)       Turns: 737, Time: 00:00:59

Health: 0/35       AC:  6    Str: 13    XL:     3   Next: 12%
Magic:  3/3        EV: 11    Int: 11    God:    Xom [..*...]
Gold:   57         SH:  0    Dex: 11    Spells: 3/3 levels left

rFire   . . .      SeeInvis .   a - +0 hand axe (chaos)
rCold   . . .      Faith    .   (no shield)
rNeg    . . .      Spirit   .   c - +0 ring mail
rPois   .          Reflect  .   (no helmet)
rElec   .          Harm     .   (no cloak)
rCorr   .          Rampage  .   (no gloves)
Will    .....                   (no boots)
Stlth   +.........              (no amulet)
HPRegen 0.11/turn               (no ring)
MPRegen 0.08/turn               (no ring)

@: no status effects
A: fangs 1, strong nose, distributed training
a: Renounce Religion


You were on level 1 of the Dungeon.
You worshipped Xom.
You were a toy of Xom.
You visited 1 branch of the dungeon, and saw 1 of its levels.

You collected 57 gold pieces.

Inventory:

Hand Weapons
 a - a +0 hand axe of chaos (weapon)
Armour
 b - a +2 leather armour
 c - a +0 ring mail (worn)
Jewellery
 d - a ring of flight
Potions
 e - a potion of might {unknown}


   Skills:
 + Level 6.5 Fighting
 + Level 0.6 Short Blades
 + Level 0.6 Long Blades
 + Level 6.5 Axes
 + Level 0.6 Maces & Flails
 + Level 0.6 Polearms
 + Level 0.6 Staves
 + Level 0.6 Slings
 + Level 0.6 Bows
 + Level 0.6 Crossbows
 + Level 0.6 Throwing
 + Level 4.5 Armour
 + Level 2.5 Dodging
 + Level 0.6 Stealth
 + Level 0.6 Shields
 + Level 0.6 Unarmed Combat
 + Level 0.6 Spellcasting
 + Level 0.4 Conjurations
 + Level 0.4 Hexes
 + Level 0.4 Summonings
 + Level 0.4 Necromancy
 + Level 0.4 Translocations
 + Level 0.4 Transmutations
 + Level 0.4 Fire Magic
 + Level 0.4 Ice Magic
 + Level 0.4 Air Magic
 + Level 0.4 Earth Magic
 + Level 0.4 Poison Magic
 + Level 0.8 Invocations
 + Level 0.6 Evocations


You had 3 spell levels left.
You didn't know any spells.
Your spell library was empty.

Dungeon Overview and Level Annotations

Branches:
Dungeon (1/15)

Altars:


Innate Abilities, Weirdness & Mutations

You have very sharp teeth.
Your uncanny sense of smell can sniff out nearby items.
Your experience applies equally to all skills.


Message History

You kill the bat!
No target in view!
You see here a +0 dagger.
There is a shaft here.
There is a shaft here. 3 jackals come into view.
The jackal barks!
The jackal misses you.
You closely miss the jackal. The jackal barely misses you.
You closely miss the jackal. The jackal closely misses you.
You hit the jackal.
The jackal is lightly wounded.
You closely miss the jackal.
The jackal is lightly wounded.
The jackal bites you but does no damage.
The jackal bites you.
You closely miss the jackal.
The jackal is lightly wounded.
The jackal bites you but does no damage.
You hit the jackal.
You kill the jackal!
You hit the jackal.
The jackal is moving more slowly.
You bite the jackal, but do no damage.
The jackal is severely wounded.
The jackal bites you.
You hit the jackal.
You kill the jackal!
You closely miss the jackal. Your bite misses the jackal. The jackal bites you.
The jackal bites you but does no damage.
You hit the jackal.
The jackal changes into a shapeshifter!
The shapeshifter changes into a salamander!
You barely miss the salamander. The salamander hits you.
You are engulfed in flames!
You emit a cloud of colourful smoke!
You hit the salamander but do no damage.
The salamander is poisoned.
The salamander hits you!
* * * LOW HITPOINT WARNING * * *
You are engulfed in flames!
You die...
Xom howls with laughter!

#####. ### ......
#.. ###### #.#
...# #.# ##.# #.#
#.# #§# #.# #N#
##.#############@#
.............§§§§#
.####...##########
.###.....##
.##.......##
.#.........#
...........##
........>...#
.#...^.^...##


You could see a salamander shaped shifter (very poisoned).

Vanquished Creatures
  A worm (D:1)
  A dart slug (D:1)
  A bat (D:1)
  An endoplasm (D:1)
  3 giant cockroaches (D:1)
  3 goblins (D:1)
  A hobgoblin (D:1)
  2 jackals (D:1)
  2 kobolds (D:1)
  2 ball pythons (D:1)
  2 frilled lizards (D:1)
19 creatures vanquished.

Notes
Turn   | Place    | Note
-------+----------+-------------------------------------------
     0 | D:1      | DearestLeader the Gnoll Chaos Knight began the quest for
                  | the Orb.
     0 | D:1      | Reached XP level 1. HP: 23/23 MP: 1/1
    27 | D:1      | XOM: silly message
   114 | D:1      | Reached XP level 2. HP: 23/29 MP: 2/2
   383 | D:1      | XOM is BORED!
   383 | D:1      | XOM: silly message
   628 | D:1      | Reached XP level 3. HP: 35/35 MP: 3/3
   735 | D:1      | Noticed a shapeshifter
   735 | D:1      | a jackal changed into a shapeshifter
   735 | D:1      | Noticed a salamander
   735 | D:1      | a shapeshifter changed into a salamander
   736 | D:1      | XOM: smoke on damage
   737 | D:1      | Slain by a salamander (shapeshifter)

Illustrated notes

Levels and vault maps discovered:
D:1:      amcnicky_arrival_double_pillar, layout_basic, nicolae_wormholes

Action                   || total
-------------------------++-------
Melee: Hand axe          ||    56
       Bite              ||     4
       Punch             ||     1
Armor: Leather armour    ||     8
       Ring mail         ||    18
Dodge: Dodged            ||    20
